 Dungeon Crawl Stone Soup version 0.29-a0-582-ge82337ba6a (webtiles) character file.

Game seed: 7412065665700508613

102 DocClef the Covert (level 4, -1/39 (41) HPs)
             Began as a Gnoll Delver on June 13, 2022.
             Slain by a gnoll
             ... wielding a +0 spear
             ... led by a gnoll sergeant
              (5 damage)
             ... on level 5 of the Dungeon on June 14, 2022.
             The game lasted 00:02:09 (932 turns).

DocClef the Covert (Gnoll Delver)                    Turns: 932, Time: 00:02:09

HP:   -1/39 (41)    AC:  3    Str: 11    XL:     4   Next: 78%
MP:   5/5           EV: 13    Int:  9    God:
Gold: 0             SH:  0    Dex: 16    Spells: 5/5 levels left

rFire   . . .      SeeInvis .   a - +0 short sword
rCold   . . .      Faith    .   (no shield)
rNeg    . . .      Spirit   .   b - +0 leather armour
rPois   .          Reflect  .   (no helmet)
rElec   .          Harm     .   (no cloak)
rCorr   .          Rampage  .   (no gloves)
Will    .....                   (no boots)
Stlth   ++++......              (no amulet)
HPRegen 0.13/turn               (no ring)
MPRegen 0.09/turn               (no ring)

@: lightly drained
A: fangs 1, strong nose, distributed training
a: no special abilities


You were on level 5 of the Dungeon.
You visited 1 branch of the dungeon, and saw 1 of its levels.
You also visited: Ossuary.

Inventory:

Hand Weapons
 a - a +0 short sword (weapon)
Missiles
 j - 2 atropa-tipped darts (quivered)
Armour
 b - a +0 leather armour (worn)
Wands
 g - a wand of digging (3)
Scrolls
 c - a scroll of fog
 h - a scroll of immolation {unknown}
 k - a scroll of identify {unknown}
 m - 2 scrolls of enchant armour {unknown}
Potions
 d - a potion of might {unknown}
 f - a potion of haste
 i - 2 potions of brilliance {unknown}
 l - 2 potions of berserk rage {unknown}
 n - a potion of attraction {unknown}
 o - a potion of ambrosia {unknown}
 p - a potion of heal wounds {unknown}
 q - a potion of mutation {unknown}


   Skills:
 + Level 6.6 Fighting
 + Level 4.7 Short Blades
 + Level 1.2 Long Blades
 + Level 1.2 Axes
 + Level 1.2 Maces & Flails
 + Level 1.2 Polearms
 + Level 1.2 Staves
 + Level 1.2 Slings
 + Level 1.2 Bows
 + Level 1.2 Crossbows
 + Level 1.2 Throwing
 + Level 1.2 Armour
 + Level 4.7 Dodging
 + Level 9.6 Stealth
 + Level 1.2 Shields
 + Level 1.2 Unarmed Combat
 + Level 1.2 Spellcasting
 + Level 1.0 Conjurations
 + Level 1.0 Hexes
 + Level 1.0 Summonings
 + Level 1.0 Necromancy
 + Level 1.0 Translocations
 + Level 1.0 Transmutations
 + Level 1.0 Fire Magic
 + Level 1.0 Ice Magic
 + Level 1.0 Air Magic
 + Level 1.0 Earth Magic
 + Level 1.0 Poison Magic
 + Level 1.3 Invocations
 + Level 1.2 Evocations


You had 5 spell levels left.
You didn't know any spells.
Your spell library was empty.

Dungeon Overview and Level Annotations

Branches:
Dungeon (5/15)            Ossuary (visited)
 Temple: D:4-7

Altars:


Innate Abilities, Weirdness & Mutations

You have very sharp teeth.
Your uncanny sense of smell can sniff out nearby items.
Your experience applies equally to all skills.


Message History

There is an open door here.
There is a gate leading back out of this place here.
The hound bites you. The iguana bites you. x2
There is a collapsed entrance, spattered with blood here.
The iguana attacks as you move away! The iguana misses you.
The gnoll hits you with a +0 spear. The hound misses you.
The iguana attacks as you move away! The iguana bites you.
The gnoll hits you with a +0 flail!
You hit the gnoll.
The gnoll is moderately wounded.
The hound barely misses you.
You puncture the gnoll!
The gnoll is severely wounded.
The hound closely misses you. The gnoll hits you with a +0 flail!
* * * LOW HITPOINT WARNING * * *
The hound closely misses you.
You closely miss the gnoll.
The gnoll is severely wounded.
The gnoll barely misses you. The hound misses you.
You hit the gnoll.
You kill the gnoll!
The hound barely misses you. The iguana barely misses you.
As you read the scroll of fear, it crumbles to dust.
You assume a fearsome visage.
The iguana looks frightened!
The hound looks frightened!
The iguana looks frightened!
The gnoll barely misses you.
Things that are here:
a +0 flail; a gnoll corpse The gnoll barely misses you.
You hit the gnoll.
The gnoll is lightly wounded.
The gnoll hits you with a +0 spear.
* * * LOW HITPOINT WARNING * * *
You hit the gnoll. Your bite misses the gnoll.
The gnoll is moderately wounded.
The gnoll closely misses you.
You hit the gnoll.
The gnoll is heavily wounded.
The gnoll hits you with a +0 spear.
You die...

##.................
##..........#....#..
#...........##...###
*#######......##..###..#.#
#,........#....##.#.#....#
#.,............##.........
#..##.............#....##.
#......#g......#.##..#....
*#.......@.......#...##...
#.....#).##..#...........
#..#.#...##.###..........
#........####*#........o.
###...l..# *,...........
######## **...##..,,,,
********,**, *****


You could see an iguana (fleeing) and a gnoll.

Vanquished Creatures
  A jelly (D:5)
  A mummy (Ossuary)
  A gnoll (D:5)
  An orc (D:5)
  A spectral bat (Ossuary)
  12 gnoll zombies (Ossuary)
  3 bat simulacra (Ossuary)
  A goblin simulacrum (Ossuary)
  5 goblin zombies (Ossuary)
  3 hobgoblin zombies (Ossuary)
  3 kobold simulacra (Ossuary)
  5 kobold zombies (Ossuary)
  5 orc zombies (Ossuary)
  3 rat simulacra (Ossuary)
  6 spectral goblins (Ossuary)
  3 spectral kobolds (Ossuary)
  5 spectral rats (Ossuary)
59 creatures vanquished.

Notes
Turn   | Place    | Note
-------+----------+-------------------------------------------
     0 | D:5      | Reached skill level 9 in Stealth
     0 | D:5      | DocClef the Gnoll Delver began the quest for the Orb.
     0 | D:5      | Reached XP level 1. HP: 23/23 MP: 1/1
    44 | D:5      | Noticed a jelly
    49 | D:5      | Noticed an iguana
    53 | D:5      | Noticed a gnoll sergeant
    56 | D:5      | Killed a jelly
    57 | D:5      | Reached XP level 2. HP: 26/29 MP: 1/3
    57 | D:5      | Reached XP level 3. HP: 31/35 MP: 1/4
    66 | D:5      | Found a sand-covered staircase.
    75 | Ossuary  | Entered an ossuary
   193 | Ossuary  | Upgraded the game from 0.29-a0-577-gafbf2c5d25 to
                  | 0.29-a0-582-ge82337ba6a
   224 | Ossuary  | Reached skill level 1 in Invocations
   343 | Ossuary  | Reached skill level 1 in Long Blades
   343 | Ossuary  | Reached skill level 1 in Axes
   343 | Ossuary  | Reached skill level 1 in Maces & Flails
   343 | Ossuary  | Reached skill level 1 in Polearms
   343 | Ossuary  | Reached skill level 1 in Staves
   343 | Ossuary  | Reached skill level 1 in Slings
   343 | Ossuary  | Reached skill level 1 in Bows
   343 | Ossuary  | Reached skill level 1 in Crossbows
   343 | Ossuary  | Reached skill level 1 in Throwing
   343 | Ossuary  | Reached skill level 1 in Armour
   343 | Ossuary  | Reached skill level 1 in Shields
   343 | Ossuary  | Reached skill level 1 in Unarmed Combat
   343 | Ossuary  | Reached skill level 1 in Spellcasting
   343 | Ossuary  | Reached skill level 1 in Evocations
   484 | Ossuary  | Reached XP level 4. HP: 32/32 MP: 5/5
   820 | Ossuary  | Reached skill level 1 in Conjurations
   820 | Ossuary  | Reached skill level 1 in Hexes
   820 | Ossuary  | Reached skill level 1 in Summonings
   820 | Ossuary  | Reached skill level 1 in Necromancy
   820 | Ossuary  | Reached skill level 1 in Translocations
   820 | Ossuary  | Reached skill level 1 in Transmutations
   820 | Ossuary  | Reached skill level 1 in Fire Magic
   820 | Ossuary  | Reached skill level 1 in Ice Magic
   820 | Ossuary  | Reached skill level 1 in Air Magic
   820 | Ossuary  | Reached skill level 1 in Earth Magic
   820 | Ossuary  | Reached skill level 1 in Poison Magic
   932 | D:5      | Slain by a gnoll

Illustrated notes

Levels and vault maps discovered:
D:5:      layout_cave_pools, nicolae_ossuary_entry_ruins

Skill      XL: |  1  2  3  4 |
---------------+-------------+-----
Stealth        | |  9.6
Invocations    | 1 |  1.3
Long Blades    | 1 |  1.2
Axes           | 1 |  1.2
Maces & Flails | 1 |  1.2
Polearms       | 1 |  1.2
Staves         | 1 |  1.2
Slings         | 1 |  1.2
Bows           | 1 |  1.2
Crossbows      | 1 |  1.2
Throwing       | 1 |  1.2
Armour         | 1 |  1.2
Shields        | 1 |  1.2
Unarmed Combat | 1 |  1.2
Spellcasting   | 1 |  1.2
Evocations     | 1 |  1.2
Conjurations   | 1 |  1.0
Hexes          | 1 |  1.0
Summonings     | 1 |  1.0
Necromancy     | 1 |  1.0
Translocations | 1 |  1.0
Transmutations | 1 |  1.0
Fire Magic     | 1 |  1.0
Ice Magic      | 1 |  1.0
Air Magic      | 1 |  1.0
Earth Magic    | 1 |  1.0
Poison Magic   | 1 |  1.0
Fighting       | |  6.6
Short Blades   | |  4.7
Dodging        | |  4.7

Action                   |  1- 3 |  4- 6 || total
-------------------------+-------+-------++-------
Melee: Short sword       |   135 |    95 ||   230
       Bite              |    13 |    16 ||    29
       Punch             |       |     1 ||     1
  Use: Scroll            |     1 |     1 ||     2
 Stab: Distracted        |     1 |     1 ||     2
       Sleeping          |     4 |     3 ||     7
Armor: Leather armour    |    55 |     4 ||    59
Dodge: Dodged            |   104 |    51 ||   155

Table legend: (Time is in decaauts)
 A = Elapsed time spent in this place.
 B = Non-inter-level travel time spent in this place.
 C = Inter-level travel time spent in this place.
 D = Time resting spent in this place.
 E = Time spent auto-exploring this place.
 F = Levels seen in this place.
 G = Mean time per level.
                   A        B        C        D        E       F      G
               +--------+--------+--------+--------+--------+-----+--------+
         Total |    903 |    903 |      0 |    132 |    412 |   2 |  451.5 |
       Dungeon |     85 |     85 |      0 |      0 |      0 |   1 |   85.0 |
       Ossuary |    818 |    818 |      0 |    132 |    412 |   1 |  818.0 |
               +--------+--------+--------+--------+--------+-----+--------+

Top non-repeatable levels by time:
 Ossuary: 818 daAuts
     D:5: 85 daAuts
